[Event "45th FIDE Olympiad 2024"]
[Site "Budapest"]
[Date "2024.09.18"]
[Round "7.122"]
[White "Siddharth, Jagadeesh"]
[Black "Kozusek, Daniel"]
[Result "1-0"]
[ECO "B40"]
[WhiteElo "2514"]
[BlackElo "2367"]
[Annotator "TA"]
[PlyCount "63"]
[EventDate "2024.09.05"]
[EventType "team-tourn"]
[EventCountry "HUN"]
[SourceTitle "playchess.com"]
[Source "ChessBase"]
[SourceQuality "1"]
[WhiteTeam "Singapore"]
[BlackTeam "Wales"]
[WhiteTeamCountry "SIN"]
[BlackTeamCountry "WLS"]
[TimeControl "40/5400+30:1800+30"]

1. e4 c5 2. Nf3 e6 3. Nc3 Nc6 4. h3 Nge7 5. d4 cxd4 6. Nxd4 Nxd4 7. Qxd4 Nc6 8. Qe3 {White is slightly better.} Be7 9. Qg3 $40 {[%mdl 128] White has some attack.} O-O 10. Bf4 (10. Bh6 $11 Bf6 11. O-O-O) 10... d6 (10... Bh4 $15 {stays ahead.} 11. Qf3 d5) 11. O-O-O $16 Bh4 12. Qd3 Bg5 13. Bxg5 (13. Qxd6 $2 {is the wrong capture.} Qxd6 14. Bxg5 Qc7 $19) 13... Qxg5+ 14. Qd2 {Black is on the road to losing.} Qc5 15. Qxd6 Qxf2 {Black is weak on the light squares} 16. Bb5 Qb6 17. Rhf1 {White is much more active.} Bd7 18. Qxd7 $18 Rad8 19. Bxc6 Rxd7 20. Bxd7 Qe3+ 21. Kb1 a6 22. Ba4 b5 23. Bb3 b4 24. Na4 Qxe4 (24... a5 {was necessary.} 25. Rd3 Qxe4) 25. Nc5 Qa8 26. Rd2 {Rdf2 would now be deadly.} h6 $2 (26... Qc6) 27. Rdf2 {[%cal Oc5e6] [#] Threatens to win with Nxe6! White is clearly winning.} Rc8 (27... Rd8 $142 28. Rxf7 Rd1+ 29. Rxd1 Kxf7 30. Bxe6+ (30. Nxe6 Ke7 $18) 30... Kg6) 28. Rxf7 {[%cal Ob3e6] Bxe6! is the strong threat.} Rxc5 29. Rf8+ $1 ({Not} 29. Bxe6 Kh7 $14) 29... Qxf8 30. Bxe6+ Kh7 31. Rxf8 Re5 {[%cal Re5e1] [#]} 32. Bg8+ {Weighted Error Value: White=0.12 (very precise) /Black=0.45.  Mistake:       	White=1     	Black=5      Inaccurate:     	---       	Black=2      OK:         	White=12    	Black=5      Best:        	White=2     	Black=2} 1-0

[Event "45th FIDE Olympiad 2024"]
[Site "Budapest"]
[Date "2024.09.18"]
[Round "7.123"]
[White "Toczek, Grzegorz"]
[Black "Wong, Zhenyong Jayden"]
[Result "1-0"]
[ECO "B24"]
[WhiteElo "2301"]
[BlackElo "2397"]
[Annotator "ChessBase"]
[PlyCount "137"]
[EventDate "2024.09.05"]
[EventType "team-tourn"]
[EventCountry "HUN"]
[SourceTitle "playchess.com"]
[Source "ChessBase"]
[SourceQuality "1"]
[WhiteTeam "Wales"]
[BlackTeam "Singapore"]
[WhiteTeamCountry "WLS"]
[BlackTeamCountry "SIN"]
[TimeControl "40/5400+30:1800+30"]

1. e4 c5 2. Nc3 e6 3. Nge2 Nc6 4. g3 d5 5. exd5 exd5 6. d4 Nf6 7. Bg2 cxd4 8. Nxd4 Bg4 9. f3 Bd7 10. O-O Be7 11. Be3 O-O 12. Nb3 Re8 13. Bf2 Ne5 14. Re1 Bb4 15. Qd4 Nc6 16. Qd3 Ne5 17. Qd4 Nc4 18. a3 Rxe1+ 19. Rxe1 Ba5 20. Nxa5 Qxa5 21. Na2 b6 22. Nb4 Nd6 23. g4 Be6 24. Bf1 Qa4 25. b3 Qd7 26. a4 Rc8 27. Ba6 Rc7 28. Bg3 h6 29. c4 Rc5 30. Nd3 Ra5 31. Bb5 Qc7 32. Rc1 Qe7 33. b4 Nxb5 34. axb5 Ra4 35. c5 bxc5 36. Qxc5 Qe8 37. Ne5 d4 38. Nc6 d3 39. Qc3 Bd5 40. Qxd3 Ra2 41. Bf2 Qd7 42. Ne7+ Qxe7 43. Rc8+ Ne8 44. Qxd5 Ra1+ 45. Kg2 Kh7 46. Qd3+ g6 47. Qe3 Qxe3 48. Bxe3 Nd6 49. Rb8 g5 50. Bc5 Nc4 51. Rb7 Ra2+ 52. Kf1 Rxh2 53. Rxa7 Nd2+ 54. Ke1 Nxf3+ 55. Kd1 Ne5 56. Re7 Nc4 57. b6 Nxb6 58. Bxb6 Kg6 59. Re2 Rh4 60. Re4 Rh3 61. Bc5 h5 62. gxh5+ Kxh5 63. b5 Rc3 64. Be7 g4 65. b6 g3 66. Ke2 Rc2+ 67. Kf1 f5 68. Rh4+ Kg6 69. b7 1-0

[Event "45th FIDE Olympiad 2024"]
[Site "Budapest"]
[Date "2024.09.18"]
[Round "7.124"]
[White "Chia, Yu Zhe Ashton"]
[Black "Blackburn, Jonathan L B"]
[Result "1-0"]
[ECO "C00"]
[WhiteElo "2224"]
[BlackElo "2202"]
[Annotator "ChessBase"]
[PlyCount "91"]
[EventDate "2024.09.05"]
[EventType "team-tourn"]
[EventCountry "HUN"]
[SourceTitle "playchess.com"]
[Source "ChessBase"]
[SourceQuality "1"]
[WhiteTeam "Singapore"]
[BlackTeam "Wales"]
[WhiteTeamCountry "SIN"]
[BlackTeamCountry "WLS"]
[TimeControl "40/5400+30:1800+30"]

1. e4 e6 2. d3 d5 3. Nd2 Nf6 4. Ngf3 Be7 5. g3 a5 6. Bg2 a4 7. a3 c5 8. O-O Nc6 9. Re1 h6 10. c3 O-O 11. e5 Nh7 12. Nf1 Bd7 13. d4 Na5 14. Bf4 Ng5 15. dxc5 Nb3 16. Rb1 Nxf3+ 17. Qxf3 Bg5 18. h4 Bxf4 19. Qxf4 Nxc5 20. Rbd1 Bb5 21. Qb4 Bxf1 22. Qxc5 Bc4 23. f4 Ra5 24. Qf2 Rb5 25. Rd2 Qb6 26. Bh3 Qxf2+ 27. Kxf2 Rc8 28. Rh1 Rc6 29. Ke3 f5 30. g4 d4+ 31. Rxd4 Rxb2 32. gxf5 Bd5 33. Rc1 Rh2 34. Bf1 Rxh4 35. c4 g5 36. fxg5 hxg5 37. Rcd1 Rxd4 38. Rxd4 Bh1 39. f6 Rb6 40. Rd8+ Kf7 41. Rd7+ Kf8 42. Rh7 Rb3+ 43. Kd4 Bc6 44. Bd3 g4 45. Bg6 Rh3 46. Rc7 1-0

[Event "45th FIDE Olympiad 2024"]
[Site "Budapest"]
[Date "2024.09.18"]
[Round "7.125"]
[White "Ben Ammar, Mohamed"]
[Black "Vandenbussche, Thibaut"]
[Result "0-1"]
[ECO "A21"]
[WhiteElo "2143"]
[BlackElo "2461"]
[Annotator "ChessBase"]
[PlyCount "126"]
[EventDate "2024.09.05"]
[EventType "team-tourn"]
[EventCountry "HUN"]
[SourceTitle "playchess.com"]
[Source "ChessBase"]
[SourceQuality "1"]
[WhiteTeam "Tunisia"]
[BlackTeam "Belgium"]
[WhiteTeamCountry "TUN"]
[BlackTeamCountry "BEL"]
[TimeControl "40/5400+30:1800+30"]

1. d4 d6 2. c4 e5 3. Nc3 exd4 4. Qxd4 Nc6 5. Qd2 a5 6. b3 Nf6 7. Bb2 a4 8. Nd5 Be7 9. f3 O-O 10. Nxe7+ Qxe7 11. e4 Nd7 12. Ne2 Nc5 13. b4 Nxb4 14. Nf4 Qg5 15. g3 Nc6 16. Nd5 Qxd2+ 17. Kxd2 Na6 18. g4 f6 19. Be2 Rf7 20. Rhg1 Nc5 21. Rab1 Ne5 22. Ba3 Ra6 23. h4 c6 24. Ne3 Ra5 25. Kc3 Ne6 26. Bb4 Nf4 27. Bd1 Ra8 28. Bxd6 Be6 29. g5 Rd7 30. c5 Kf7 31. a3 b5 32. h5 h6 33. gxf6 gxf6 34. Rb2 Rb7 35. Rg3 Nxh5 36. Rg1 Nf4 37. Rh1 Rh8 38. Rh4 Nfd3 39. Rb1 b4+ 40. axb4 a3 41. f4 a2 42. Ra1 Ra8 43. Nc2 Nxb4 44. fxe5 Nxc2 45. Bxc2 Ra3+ 46. Kd2 Rg3 47. Rh2 Rb4 48. exf6 Rd4+ 49. Ke2 Rc3 50. Ke1 Bc4 51. Rd2 Re3+ 52. Kd1 Rxd2+ 53. Kxd2 Re2+ 54. Kc3 Be6 55. Be5 h5 56. Rg1 Rg2 57. Ra1 h4 58. Bb3 h3 59. Rf1 Rf2 60. Bxe6+ Kxe6 61. Ra1 Kxe5 62. f7 h2 63. Rxa2 Rf3+ 0-1

[Event "45th FIDE Olympiad 2024"]
[Site "Budapest"]
[Date "2024.09.18"]
[Round "7.126"]
[White "Maerevoet, Sim"]
[Black "Meftahi, Houssem"]
[Result "0-1"]
[ECO "E01"]
[WhiteElo "2432"]
[BlackElo "2112"]
[Annotator "ChessBase"]
[PlyCount "100"]
[EventDate "2024.09.05"]
[EventType "team-tourn"]
[EventCountry "HUN"]
[SourceTitle "playchess.com"]
[Source "ChessBase"]
[SourceQuality "1"]
[WhiteTeam "Belgium"]
[BlackTeam "Tunisia"]
[WhiteTeamCountry "BEL"]
[BlackTeamCountry "TUN"]
[TimeControl "40/5400+30:1800+30"]

1. c4 e6 2. Nf3 d5 3. g3 Nf6 4. Bg2 Bd6 5. d4 c6 6. b3 Nbd7 7. Bb2 Qa5+ 8. Nbd2 Ba3 9. Qc1 Bxb2 10. Qxb2 O-O 11. O-O Re8 12. b4 Qd8 13. Rfc1 b6 14. cxd5 exd5 15. e3 Bb7 16. Rc2 Rc8 17. a4 Nb8 18. Ne5 Nfd7 19. Nd3 Nf8 20. Rac1 Re7 21. Bh3 Ne6 22. Nf3 Qe8 23. Qa3 Rd8 24. b5 Rc7 25. bxc6 Rxc6 26. Nde5 Rxc2 27. Rxc2 f6 28. Nd3 Nc6 29. Nb2 Nf8 30. Bg2 Na5 31. Nh4 Rc8 32. Rxc8 Qxc8 33. Nd3 g5 34. Nf3 Qd7 35. h4 Nc4 36. Qc3 h6 37. hxg5 hxg5 38. Nh2 Qxa4 39. Ng4 Qd1+ 40. Kh2 Qxg4 41. e4 Qh5+ 42. Kg1 Qd1+ 43. Kh2 Qd2 44. Qb3 Na5 45. Qb5 Bc6 46. Qb1 dxe4 47. Nb4 Qxd4 48. Qa2+ Kg7 49. Qa3 Bb7 50. Nc2 Qc5 0-1

[Event "45th FIDE Olympiad 2024"]
[Site "Budapest"]
[Date "2024.09.18"]
[Round "7.127"]
[White "Taieb, Sahbi"]
[Black "Hovhannisyan, Mher"]
[Result "0-1"]
[ECO "D31"]
[WhiteElo "2118"]
[BlackElo "2414"]
[Annotator "ChessBase"]
[PlyCount "144"]
[EventDate "2024.09.05"]
[EventType "team-tourn"]
[EventCountry "HUN"]
[SourceTitle "playchess.com"]
[Source "ChessBase"]
[SourceQuality "1"]
[WhiteTeam "Tunisia"]
[BlackTeam "Belgium"]
[WhiteTeamCountry "TUN"]
[BlackTeamCountry "BEL"]
[TimeControl "40/5400+30:1800+30"]

1. d4 d5 2. c4 e6 3. Nc3 a6 4. cxd5 exd5 5. Bf4 Nf6 6. e3 Bd6 7. Bg3 O-O 8. Bd3 Re8 9. Qc2 Nc6 10. Be2 Nb4 11. Qd1 Bf5 12. Rc1 Ne4 13. Bxd6 cxd6 14. a3 Nxc3 15. Rxc3 Na2 16. Bf3 Nxc3 17. bxc3 Qa5 18. Qb3 Be4 19. Ne2 Qb5 20. Qa2 Rac8 21. O-O Qc4 22. Qb2 b5 23. Rc1 a5 24. h3 Rc7 25. Rd1 Rb8 26. Bxe4 dxe4 27. d5 Re8 28. Rd4 Qc5 29. Ng3 Rce7 30. a4 bxa4 31. Nxe4 a3 32. Qb3 Qc7 33. Nd2 Rc8 34. Rc4 Qb8 35. Qxa3 Rxc4 36. Nxc4 Ra7 37. Nxd6 h6 38. Nc4 Qb5 39. Qd6 Rd7 40. Qc6 Qxd5 41. Nxa5 Qxc6 42. Nxc6 Rc7 43. Nd4 Rxc3 44. g3 g6 45. Kg2 Kg7 46. Kf3 Kf6 47. Ne2 Ra3 48. Nd4 Ra2 49. Ne2 Ke5 50. Nd4 Kd5 51. h4 Kc4 52. Nc6 Ra6 53. Ne5+ Kd5 54. Nd3 Ra5 55. Nf4+ Kc4 56. g4 Kc3 57. h5 gxh5 58. Nxh5 Kd2 59. Ng3 Ke1 60. Ne4 Kf1 61. Kf4 Kg2 62. f3 Ra4 63. Kf5 Kxf3 64. Nd6 Ra5+ 65. Kf6 Ra6 66. Ke5 Rxd6 67. Kxd6 Kxg4 68. e4 h5 69. Ke5 h4 70. Kf6 Kf4 71. e5 h3 72. Kxf7 Kxe5 0-1

[Event "45th FIDE Olympiad 2024"]
[Site "Budapest"]
[Date "2024.09.18"]
[Round "7.128"]
[White "Lenaerts, Lennert"]
[Black "Amdouni, Zoubaier"]
[Result "1-0"]
[ECO "B31"]
[WhiteElo "2300"]
[BlackElo "2151"]
[Annotator "ChessBase"]
[PlyCount "77"]
[EventDate "2024.09.05"]
[EventType "team-tourn"]
[EventCountry "HUN"]
[SourceTitle "playchess.com"]
[Source "ChessBase"]
[SourceQuality "1"]
[WhiteTeam "Belgium"]
[BlackTeam "Tunisia"]
[WhiteTeamCountry "BEL"]
[BlackTeamCountry "TUN"]
[TimeControl "40/5400+30:1800+30"]

1. e4 c5 2. Nf3 Nc6 3. Bb5 g6 4. Bxc6 dxc6 5. d3 Bg7 6. h3 Nf6 7. Nc3 Nd7 8. Be3 e5 9. Qd2 h6 10. O-O b6 11. Nh2 Nf8 12. f4 exf4 13. Bxf4 Ne6 14. Bg3 Qg5 15. Qe1 Nd4 16. Nf3 Qe7 17. Qf2 O-O 18. Rae1 Be6 19. e5 f5 20. Nxd4 cxd4 21. Qxd4 Rad8 22. Qa4 b5 23. Qa6 b4 24. Na4 Rd5 25. Bf2 Rxe5 26. Rxe5 Bxe5 27. Re1 Qc7 28. Qxa7 Qd6 29. Qe3 Bh2+ 30. Kh1 Bd5 31. Qxh6 Bg3 32. Bc5 Qf6 33. Re7 Bf7 34. Qxf8+ Kxf8 35. Re6+ Kg7 36. Bf8+ Kxf8 37. Rxf6 Ke7 38. Rxc6 g5 39. Nc5 1-0

[Event "45th FIDE Olympiad 2024"]
[Site "Budapest"]
[Date "2024.09.18"]
[Round "7.129"]
[White "Cori, Jorge"]
[Black "Oatlhotse, Providence"]
[Result "1-0"]
[ECO "E71"]
[WhiteElo "2609"]
[BlackElo "2239"]
[Annotator "TA"]
[PlyCount "71"]
[EventDate "2024.09.05"]
[EventType "team-tourn"]
[EventCountry "HUN"]
[SourceTitle "playchess.com"]
[Source "ChessBase"]
[SourceQuality "1"]
[WhiteTeam "Peru"]
[BlackTeam "Botswana"]
[WhiteTeamCountry "PER"]
[BlackTeamCountry "BOT"]
[TimeControl "40/5400+30:1800+30"]

1. d4 Nf6 2. c4 g6 3. Nc3 Bg7 4. e4 d6 5. h3 Nbd7 6. Be3 e5 7. d5 Nc5 8. Qc2 {White is slightly better.} a5 9. g4 c6 10. Be2 cxd5 11. cxd5 O-O 12. g5 Ne8 13. Nf3 Bd7 14. h4 Rc8 15. Nd2 f5 16. Bxc5 Rxc5 17. Qb3 {Repels b5} Rf7 18. a4 Bf8 19. Nc4 ({White should try} 19. O-O-O $11) 19... h6 {[#]} (19... fxe4 $15 {stays ahead.} 20. Ne3 Rc8) 20. f4 (20. Qxb7 hxg5 21. Qb6 Qc8 $17 (21... Qxb6 22. Nxb6 gxh4 23. Nxd7 $11)) (20. O-O-O $1 $16) 20... exf4 $15 21. e5 hxg5 22. e6 (22. Qxb7 $2 f3 (22... gxh4 $2 23. Qb3 $19) (22... Bb5 $2 23. Qxf7+ Kxf7 24. axb5 $19) 23. Qb6 Qxb6 24. Nxb6 dxe5 (24... fxe2 $2 25. e6 $19) 25. Bxf3 g4 $19 (25... gxh4 $2 26. Rxh4 e4 27. Nxe4 $19)) 22... Rh7 {aiming for ...Bc8.} 23. O-O-O (23. exd7 Qxd7 24. Kf2 g4 $19) 23... Bc8 (23... g4 $5 24. exd7 Qxd7 $17) 24. hxg5 Rxh1 25. Rxh1 Qxg5 26. Kb1 Bg7 {[%cal Of4f3] Hoping for ...f3!} 27. Nb5 Qe7 {[#]} (27... Qg3 $11 {remains equal.} 28. Bf3 (28. Nxa5 $2 {is the wrong capture.} Qxb3 29. Nxb3 Rxd5 $19) 28... Rxc4 29. Qxc4 Bxe6 (29... Qxf3 30. Rc1 $11) 30. dxe6 Qxf3) 28. Nb6 $1 $16 {White has more active pieces. A dynamic duo of knights.} Qd8 $2 {A mistake that costs the game.} (28... Nf6 $16) 29. Na7 $18 g5 (29... Nf6 $142 30. Nbxc8 (30. Naxc8 Rc7 $18) 30... Rxc8) 30. Bd3 Bxe6 31. dxe6 {White wants to mate with e7+.} d5 32. Nd7 {[%cal Od3f5] Strongly threatening Bxf5!} Rc6 33. Qxd5 {White mates.} Qe7 34. Nxc6 bxc6 35. Qxf5 Nf6 36. Qg6 {Weighted Error Value: White=0.21 (precise) /Black=0.54.  Loses game:     	---       	Black=1      Mistake:       	White=2     	Black=3      Inaccurate:     	White=1     	Black=2      OK:         	White=8     	Black=11     Best:        	White=3     	Black=1      Strong:       	White=1     	---} 1-0

[Event "45th FIDE Olympiad 2024"]
[Site "Budapest"]
[Date "2024.09.18"]
[Round "7.130"]
[White "Notha, Moakofi"]
[Black "Flores Quillas, Diego Saul Rodri"]
[Result "0-1"]
[ECO "A04"]
[WhiteElo "1996"]
[BlackElo "2451"]
[Annotator "ChessBase"]
[PlyCount "60"]
[EventDate "2024.09.05"]
[EventType "team-tourn"]
[EventCountry "HUN"]
[SourceTitle "playchess.com"]
[Source "ChessBase"]
[SourceQuality "1"]
[WhiteTeam "Botswana"]
[BlackTeam "Peru"]
[WhiteTeamCountry "BOT"]
[BlackTeamCountry "PER"]
[TimeControl "40/5400+30:1800+30"]

1. e4 c5 2. d3 Nc6 3. Nf3 g6 4. g3 Bg7 5. Bg2 e5 6. O-O Nge7 7. Bg5 f6 8. Be3 d6 9. Nbd2 Be6 10. a4 b6 11. Ne1 Qd7 12. Nc4 O-O 13. c3 f5 14. Qe2 f4 15. Bd2 g5 16. f3 h5 17. Nc2 Ng6 18. b4 cxb4 19. Nxb4 Nxb4 20. cxb4 d5 21. exd5 Bxd5 22. Bc3 Rae8 23. Bb2 fxg3 24. hxg3 h4 25. Qe3 hxg3 26. Qxg5 Nf4 27. Nxe5 Qf5 28. Qg4 Qxg4 29. fxg4 Nxg2 30. d4 Nf4 0-1

[Event "45th FIDE Olympiad 2024"]
[Site "Budapest"]
[Date "2024.09.18"]
[Round "7.131"]
[White "Fernandez Sanchez, Fernando Miguel"]
[Black "Monnaatsheko, Keletshabile"]
[Result "1-0"]
[ECO "A37"]
[WhiteElo "2399"]
[BlackElo "2064"]
[Annotator "ChessBase"]
[PlyCount "69"]
[EventDate "2024.09.05"]
[EventType "team-tourn"]
[EventCountry "HUN"]
[SourceTitle "playchess.com"]
[Source "ChessBase"]
[SourceQuality "1"]
[WhiteTeam "Peru"]
[BlackTeam "Botswana"]
[WhiteTeamCountry "PER"]
[BlackTeamCountry "BOT"]
[TimeControl "40/5400+30:1800+30"]

1. c4 c5 2. g3 g6 3. Bg2 Bg7 4. Nc3 Nc6 5. Nf3 d6 6. O-O e5 7. a3 Nge7 8. b4 O-O 9. Rb1 Rb8 10. d3 b6 11. Bg5 f6 12. Bd2 Be6 13. Ne1 cxb4 14. axb4 d5 15. Qa4 Qd7 16. b5 Na5 17. cxd5 Nxd5 18. Nxd5 Bxd5 19. Bxd5+ Qxd5 20. Bxa5 bxa5 21. Qxa5 Rfc8 22. Ng2 Bh6 23. Qxa7 Rb7 24. Qa6 f5 25. Rb4 Rcb8 26. b6 Bf8 27. Rb5 Qc6 28. Rxe5 Rxb6 29. Qa2+ Kh8 30. Nf4 Rb2 31. Qe6 Qa8 32. e4 fxe4 33. Nxg6+ Kg7 34. Rg5 Kh6 35. Nf4+ 1-0

[Event "45th FIDE Olympiad 2024"]
[Site "Budapest"]
[Date "2024.09.18"]
[Round "7.132"]
[White "Bayani, Kuda"]
[Black "Delgado Romero, Marco"]
[Result "0-1"]
[ECO "E61"]
[WhiteElo "1931"]
[BlackElo "2390"]
[Annotator "ChessBase"]
[PlyCount "72"]
[EventDate "2024.09.05"]
[EventType "team-tourn"]
[EventCountry "HUN"]
[SourceTitle "playchess.com"]
[Source "ChessBase"]
[SourceQuality "1"]
[WhiteTeam "Botswana"]
[BlackTeam "Peru"]
[WhiteTeamCountry "BOT"]
[BlackTeamCountry "PER"]
[TimeControl "40/5400+30:1800+30"]

1. d4 Nf6 2. Nf3 g6 3. Bf4 Bg7 4. e3 d6 5. h3 O-O 6. Be2 Nfd7 7. c4 e5 8. Bh2 Nc6 9. Nc3 Kh8 10. Rc1 f5 11. a3 Bh6 12. dxe5 Ndxe5 13. c5 f4 14. exf4 Nxf3+ 15. Bxf3 Qe8+ 16. Ne2 Bg7 17. O-O Bxb2 18. Rc2 Bg7 19. cxd6 cxd6 20. Qxd6 Bf5 21. Bxc6 bxc6 22. Rd2 Rd8 23. Qb4 c5 24. Qa5 Rxd2 25. Qxd2 Qa4 26. g4 Bc8 27. Nc3 Qxa3 28. Rc1 Bb7 29. Bg3 Qa6 30. Qe2 Qxe2 31. Nxe2 Re8 32. Rc2 Be4 33. Ra2 Bd3 34. Kf1 c4 35. f5 c3 36. Bf4 c2 0-1

[Event "45th FIDE Olympiad 2024"]
[Site "Budapest"]
[Date "2024.09.18"]
[Round "7.133"]
[White "Noboa Silva, Kevin"]
[Black "Murphy, Conor E"]
[Result "1/2-1/2"]
[ECO "D45"]
[WhiteElo "2270"]
[BlackElo "2453"]
[Annotator "ChessBase"]
[PlyCount "125"]
[EventDate "2024.09.05"]
[EventType "team-tourn"]
[EventCountry "HUN"]
[SourceTitle "playchess.com"]
[Source "ChessBase"]
[SourceQuality "1"]
[WhiteTeam "Ecuador"]
[BlackTeam "Ireland"]
[WhiteTeamCountry "ECU"]
[BlackTeamCountry "IRL"]
[TimeControl "40/5400+30:1800+30"]

1. d4 Nf6 2. c4 e6 3. Nc3 Bb4 4. e3 d5 5. a3 Be7 6. Nf3 O-O 7. Bd3 dxc4 8. Bxc4 a6 9. O-O b5 10. Bd3 c5 11. dxc5 Bxc5 12. b4 Be7 13. Qe2 Bb7 14. Rd1 Nbd7 15. Bb2 h6 16. Rac1 Rc8 17. e4 Qe8 18. Qe3 Bd8 19. a4 Bb6 20. Qe2 Ng4 21. Rf1 Nde5 22. Nxe5 Nxe5 23. axb5 Nxd3 24. Qxd3 axb5 25. Nxb5 Rxc1 26. Rxc1 Bxe4 27. Qg3 f6 28. Nd6 Qg6 29. Qxg6 Bxg6 30. Nc8 Bd8 31. b5 Bd3 32. Ba3 Bxb5 33. Bxf8 Kxf8 34. Rd1 Bc7 35. Rb1 Ba6 36. Ra1 Bxc8 37. Ra8 Be5 38. Rxc8+ Kf7 39. g3 h5 40. Kg2 f5 41. Rc5 Bd4 42. Rc7+ Kf6 43. Rd7 Bc3 44. Kf3 Bb2 45. Ke3 Bc3 46. Rc7 Ba5 47. Rc6 Be1 48. Rc2 Bb4 49. Kd4 g6 50. Kc4 Bd6 51. Kb5 h4 52. Kc6 Bb8 53. Kd7 hxg3 54. hxg3 Kf7 55. Rb2 Ba7 56. Re2 e5 57. f3 Bd4 58. Kd6 Kf6 59. Kd5 Bc3 60. Kc4 Ba5 61. Kd5 Bc3 62. Re3 Bd4 63. Re2 1/2-1/2

[Event "45th FIDE Olympiad 2024"]
[Site "Budapest"]
[Date "2024.09.18"]
[Round "7.134"]
[White "Baburin, Alexander"]
[Black "Garzon Zapatanga, Christopher Leonel"]
[Result "1-0"]
[ECO "D79"]
[WhiteElo "2376"]
[BlackElo "2216"]
[Annotator "ChessBase"]
[PlyCount "101"]
[EventDate "2024.09.05"]
[EventType "team-tourn"]
[EventCountry "HUN"]
[SourceTitle "playchess.com"]
[Source "ChessBase"]
[SourceQuality "1"]
[WhiteTeam "Ireland"]
[BlackTeam "Ecuador"]
[WhiteTeamCountry "IRL"]
[BlackTeamCountry "ECU"]
[TimeControl "40/5400+30:1800+30"]

1. d4 Nf6 2. c4 g6 3. Nf3 Bg7 4. g3 c6 5. Nc3 d5 6. cxd5 cxd5 7. Ne5 O-O 8. Bg2 Nc6 9. O-O Bf5 10. Nxc6 bxc6 11. Bf4 Ne4 12. Na4 Qa5 13. a3 Nd6 14. Nc5 Nc4 15. b4 Qb6 16. e4 dxe4 17. Qe2 Nd6 18. Be5 f6 19. Bf4 Qb5 20. Qa2+ Kh8 21. Rfe1 a5 22. bxa5 Qxa5 23. Nxe4 Nb5 24. Qc4 Rad8 25. Be3 Bxe4 26. Bxe4 f5 27. Bxc6 Nxd4 28. Rad1 e5 29. a4 f4 30. Bxd4 Rxd4 31. Qb5 Qc3 32. Rc1 Qd2 33. Qe2 fxg3 34. hxg3 Qg5 35. Rc2 h5 36. Qe3 Qf6 37. Kg2 Kh7 38. a5 h4 39. Be4 Bh6 40. Qe2 hxg3 41. fxg3 Rfd8 42. Qg4 Rd2+ 43. Re2 Rxc2 44. Rxc2 Rf8 45. Qe2 Rd8 46. a6 Qe7 47. Rb2 Rd7 48. Qg4 Rd2+ 49. Rxd2 Bxd2 50. Qxg6+ Kh8 51. Qb6 1-0

[Event "45th FIDE Olympiad 2024"]
[Site "Budapest"]
[Date "2024.09.18"]
[Round "7.135"]
[White "Mieles Palau, Daniel"]
[Black "Kanyamarala, Tarun"]
[Result "1/2-1/2"]
[ECO "D32"]
[WhiteElo "2321"]
[BlackElo "2361"]
[Annotator "ChessBase"]
[PlyCount "61"]
[EventDate "2024.09.05"]
[EventType "team-tourn"]
[EventCountry "HUN"]
[SourceTitle "playchess.com"]
[Source "ChessBase"]
[SourceQuality "1"]
[WhiteTeam "Ecuador"]
[BlackTeam "Ireland"]
[WhiteTeamCountry "ECU"]
[BlackTeamCountry "IRL"]
[TimeControl "40/5400+30:1800+30"]

1. c4 e6 2. Nf3 d5 3. e3 Nf6 4. b3 c5 5. Bb2 Nc6 6. cxd5 exd5 7. Be2 Bd6 8. O-O O-O 9. d4 cxd4 10. Nxd4 Qe7 11. Nc3 Rd8 12. Rc1 Nxd4 13. Qxd4 Be5 14. Qd3 d4 15. Nd1 dxe3 16. Qxe3 Re8 17. Bxe5 Qxe5 18. Qxe5 Rxe5 19. Ne3 Re7 20. Bf3 Be6 21. Rfd1 Rb8 22. h3 h6 23. Nd5 Nxd5 24. Bxd5 Bxd5 25. Rxd5 Rbe8 26. Rc2 Re1+ 27. Kh2 R1e2 28. Rdd2 Rxd2 29. Rxd2 Re7 30. Kg3 g6 31. Kf3 1/2-1/2

[Event "45th FIDE Olympiad 2024"]
[Site "Budapest"]
[Date "2024.09.18"]
[Round "7.136"]
[White "O'Gorman, Tom"]
[Black "Munoz Sanchez, Miguel"]
[Result "1-0"]
[ECO "A54"]
[WhiteElo "2353"]
[BlackElo "2181"]
[Annotator "ChessBase"]
[PlyCount "77"]
[EventDate "2024.09.05"]
[EventType "team-tourn"]
[EventCountry "HUN"]
[SourceTitle "playchess.com"]
[Source "ChessBase"]
[SourceQuality "1"]
[WhiteTeam "Ireland"]
[BlackTeam "Ecuador"]
[WhiteTeamCountry "IRL"]
[BlackTeamCountry "ECU"]
[TimeControl "40/5400+30:1800+30"]

1. d4 Nf6 2. c4 d6 3. Nc3 e5 4. Nf3 e4 5. Nd2 Qe7 6. Qc2 e3 7. fxe3 c5 8. Nf3 Nc6 9. a3 g6 10. Nd5 Nxd5 11. cxd5 Nb8 12. e4 Bg7 13. Bg5 f6 14. Bh4 O-O 15. dxc5 Nd7 16. cxd6 Qxd6 17. Bg3 Ne5 18. e3 f5 19. Be2 fxe4 20. Qxe4 Nxf3+ 21. Bxf3 Qb6 22. d6 Bf5 23. Qd5+ Kh8 24. O-O Qxe3+ 25. Kh1 Bxb2 26. Rae1 Qg5 27. Qxb7 Bf6 28. Re7 Qh6 29. Rf7 Rxf7 30. Qxf7 Rf8 31. Qxa7 Qg5 32. Qc5 Kg7 33. Be5 Rf7 34. Rd1 h5 35. Qd4 Bd7 36. Bxf6+ Qxf6 37. Kg1 Kf8 38. Be2 Qxd4+ 39. Rxd4 1-0